cohdb
Replays
Latest Replays
All Replays
Popular Replays
Top Player Replays
Match Explorer
How It Works
Community
CoH3 Stats
Reddit
Sign in to upload your games and track your stats! →
Sign in with Steam
Match 46006961
Unlisted
Match 46006961
Overview
Messages
Build Orders
End
Kradschützen Motorcycle Team
Panzergrenadier Squad
Panzerpioneer Squad
Construct Light Support Kompanie
MG34 Team
2.5-tonne Medical Truck
Panzerjäger Squad
Assault Mechanized Group
Fire Support Elements
Panzerjäger Squad
Selects Panzerjäger Kommand Battlegroup
Selects Tank Busters
Selects Mine Fields
Selects Defensive Positions
Assault Mechanized Group
Panzerjäger Squad
Construct Panzerarmee Kommand
Armored Reserves
Panzerjäger Squad
Panzerjäger Squad
Tiger Heavy Tank
Selects Crew Shock Tactics
Selects Anti-tank Overwatch
Selects Butterfly Bomb Drop
Panzergrenadier Squad
Butterfly Bomb Drop
Panzergrenadier Squad
Veteran Squad Leaders
Emergency Repair Kits
Rapid Advance
2.5-tonne Medical Truck
Anti-tank Overwatch
Panzer IV Assault Group
Butterfly Bomb Drop
Victor
hogarthw
vasointupido
head2dead
0
0
Comments
sign in to comment!
No comments posted yet!